 Dungeon Crawl Stone Soup version 0.23.2-1-ga50397a (webtiles) character file.

Game seed: 9140644032019041132

1101 wilfster70 the Gusty (level 8, -3/57 HPs)
             Began as a Red Draconian Air Elementalist on May 30, 2019.
             Was a Believer of Okawaru.
             Slain by an orc warrior
             ... wielding a +2 trident of distortion
              (4 damage)
             ... on level 6 of the Dungeon.
             The game lasted 00:18:07 (5192 turns).

wilfster70 the Gusty (DrAE)                         Turns: 5192, Time: 00:18:08

Health: -3/57      AC:  7    Str: 10    XL:     8   Next: 10%
Magic:  14/15      EV: 12    Int: 22    God:    Okawaru [**....]
Gold:   39         SH:  0    Dex: 12    Spells: 7/16 levels left

rFire    + + .     SeeInvis +   a - +2 spear "Zala Osi" {speed, -Tele rN+ Int+4 SInv}
rCold    . . .     Gourm    .   (no shield)
rNeg     + . .     Faith    .   (armour unavailable)
rPois    .         Spirit   .   (helmet restricted)
rElec    .         Reflect  .   o - +0 cloak
rCorr    .         Harm     .   (no gloves)
MR       .....     NoTele   +   (no boots)
Stlth    ++........             g - amulet of regeneration
HPRegen  0.59/turn              m - ring of protection from fire
MPRegen  0.14/turn              (no ring)

@: no status effects
A: breathe fire, unfitting armour, fire resistance 1, cold-blooded, AC +6
a: Breathe Fire, Heroism, Renounce Religion


You were on level 6 of the Dungeon.
You worshipped Okawaru.
Okawaru was pleased with you.
You were hungry.

You visited 1 branch of the dungeon, and saw 6 of its levels.

You collected 415 gold pieces.
You spent 376 gold pieces at shops.

Inventory:

Hand Weapons
 a - the +2 spear "Zala Osi" (weapon) {speed, -Tele rN+ Int+4 SInv}
   (You bought it in a shop on level 4 of the Dungeon)

   Attacks with this weapon are significantly faster.
   It affects your intelligence (+4).
   It protects you from negative energy.
   It lets you see invisible.
   It prevents most forms of teleportation.
 b - a +2 mace of protection
Missiles
 C - 172 stones (quivered)
Armour
 o - a +0 cloak (worn)
Magical Staves
 c - an uncursed staff of conjuration
Jewellery
 g - an amulet of regeneration (around neck)
 m - a ring of protection from fire (left hand)
 A - an uncursed amulet of rage {unknown}
Wands
 q - a wand of digging (4)
 z - a wand of acid (2)
Scrolls
 e - 4 scrolls of identify
 f - a scroll of enchant armour {unknown}
 j - a scroll of noise {unknown}
 k - 3 scrolls of teleportation
 l - a scroll of amnesia {unknown}
 n - a scroll of random uselessness {unknown}
 t - a scroll of magic mapping {unknown}
 B - 4 scrolls of fog
Potions
 d - a potion of curing
 h - a potion of cancellation {unknown}
 i - 4 potions of lignification
 p - a potion of flight {unknown}
 r - 2 potions of brilliance {unknown}
 s - a potion of agility {unknown}
 v - 2 potions of resistance
 w - 2 potions of berserk rage {unknown}
 x - a potion of magic {unknown}
Comestibles
 y - 14 rations


   Skills:
 - Level 1.7 Dodging
 - Level 1.7 Stealth
 + Level 4.7 Spellcasting
 - Level 4.5 Conjurations
 + Level 1.3 Summonings
 + Level 5.6 Air Magic
 + Level 4.6 Invocations


You had 7 spell levels left.
You knew the following spells:

 Your Spells              Type           Power        Failure   Level  Hunger
a - Shock                 Conj/Air       ####         1%          1    None
b - Airstrike             Air            ####......   10%         4    ####...
c - Summon Lightning Spi  Summ/Air       ###.....     24%         4    ####...

Your spell library contained the following spells:

 Spells                   Type           Power        Failure   Level  Hunger
 Static Discharge         Conj/Air       ####....     3%          3    ##.....
 Swiftness                Chrm/Air       ###.....     4%          2    None
 Summon Small Mammal      Summ           ##..         6%          1    None
 Call Imp                 Summ           ##......     9%          2    None
 Call Canine Familiar     Summ           ##......     19%         3    ##.....
 Summon Guardian Golem    Hex/Summ       #.......     24%         3    ##.....
 Lightning Bolt           Conj/Air       ####......   34%         5    #####..
 Summon Ice Beast         Ice/Summ       #.......     61%         4    ####...


Dungeon Overview and Level Annotations

Branches:
Dungeon (6/15)
 Temple: D:4-7

Altars:
Fedhas
Okawaru
Xom

Shops:
D:4 *


Innate Abilities, Weirdness & Mutations

You can breathe blasts of fire.
Your fiery red scales are hard. (AC +6)
You cannot fit into any form of body armour.
Your flesh is heat resistant. (rF+)
You are cold-blooded and may be slowed by cold attacks.


Message History

Aim: an orc, wearing a +0 leather armour (almost dead)
The zap hits the orc.
You kill the orc!
Okawaru accepts your kill.
The orc wizard shouts!
The orc warrior hits you from afar with a +2 trident of distortion!!
Space bends around you.
An orc priest comes into view. It is wielding a +0 club.
The orc warrior hits you from afar with a +2 trident of distortion!!
* * * LOW HITPOINT WARNING * * *
You feel a strange sense of stasis.
The orc priest shouts!
The orc warrior hits you from afar with a +2 trident of distortion!
* * * LOW HITPOINT WARNING * * *
You feel a strange sense of stasis.
There is a stone staircase leading up here.
Okay, then.
Okay, then.
The orc warrior hits you from afar with a +2 trident of distortion.
You die...

###############
##.....#.......[.
##.......?........
#.................
#.................
#.o............o.s
#................#
#@o..o............
##......[.?....#.
##.....#....###
########.....#
#..#.....
..##....# ... ....
.<.. ... ..... ...


You could see an orc warrior, an orc priest and an orc wizard.

Vanquished Creatures
  Grinder (D:3)
  Sigmund (D:3)
  An ice beast (D:5)
  Blork the orc (D:4)
  2 crimson imps (D:5)
  3 hounds
  2 orc wizards
  An orc priest (D:4)
  2 bullfrog skeletons
  Ijyb (D:3)
  A worker ant (D:4)
  A hound zombie (D:5)
  A hound skeleton (D:5)
  4 gnolls
  5 adders
  A shadow imp (D:5)
  An adder skeleton (D:5)
  5 worms
  3 dart slugs
  3 leopard geckos
  12 orcs
  3 giant cockroaches
  6 goblins
  9 hobgoblins
  3 jackals (D:3)
  12 kobolds
  2 quokkas
  5 bats
  7 frilled lizards
  10 rats
109 creatures vanquished.

Vanquished Creatures (others)
  2 ogres (D:4)
  An orc wizard (D:4)
  A worker ant (D:4)
  A worm (D:4)
  A giant cockroach (D:4)
  A quokka (D:4)
  A plant (D:3)
8 creatures vanquished.

Grand Total: 117 creatures vanquished

Notes
Turn   | Place    | Note
-------+----------+-------------------------------------------
     0 | D:1      | wilfster70 the Draconian Air Elementalist began the quest
                  | for the Orb.
     0 | D:1      | Reached XP level 1. HP: 14/14 MP: 3/3
   212 | D:1      | Reached XP level 2. HP: 20/20 MP: 5/5
   940 | D:2      | You fall through a shaft for 2 floors!
   948 | D:3      | Reached XP level 3. HP: 26/26 MP: 3/6
   996 | D:3      | Found a blossoming altar of Fedhas.
   996 | D:3      | Found an iron altar of Okawaru.
  1000 | D:3      | Became a worshipper of Warmaster Okawaru
  1051 | D:3      | Reached XP level 4. HP: 24/33 MP: 0/8
  1150 | D:3      | Reached skill level 1 in Invocations
  1573 | D:2      | Reached XP level 5. HP: 38/38 MP: 5/9
  1615 | D:2      | Found a faded altar of an unknown god.
  1685 | D:2      | Reached skill level 4 in Air Magic
  2349 | D:3      | Noticed Ijyb
  2363 | D:3      | Killed Ijyb
  2446 | D:3      | Noticed Grinder
  2470 | D:3      | Paralysed by Grinder for 5 turns
  2526 | D:3      | Killed Grinder
  2526 | D:3      | Reached * piety under Okawaru
  2526 | D:3      | Reached XP level 6. HP: 28/45 MP: 4/11
  2751 | D:3      | Noticed Sigmund
  2799 | D:3      | Killed Sigmund
  2799 | D:3      | Your scales start taking on a fiery red colour.
  2799 | D:3      | Reached XP level 7. HP: 39/50 MP: 9/13
  2799 | D:3      | Gained mutation: Your flesh is heat resistant. (rF+) [Red
                  | Draconian growth]
  3115 | D:4      | Found Qukhy's General Store.
  3151 | D:4      | Reached ** piety under Okawaru
  3254 | D:4      | Reached skill level 5 in Air Magic
  3315 | D:4      | Found a shimmering altar of Xom.
  4029 | D:4      | Noticed Blork the orc
  4035 | D:4      | Killed Blork the orc
  4299 | D:5      | Entered Level 5 of the Dungeon
  4348 | D:5      | Learned a level 4 spell: Airstrike
  4575 | D:5      | Learned a level 4 spell: Summon Lightning Spire
  4695 | D:4      | Bought the cursed +2 spear "Zala Osi" {speed, -Tele rN+
                  | Int+4 SInv} for 376 gold pieces
  4885 | D:5      | Reached skill level 1 in Summonings
  4885 | D:5      | Reached XP level 8. HP: 19/57 MP: 11/15
  5191 | D:6      | HP: 1/57 [orc warrior/+2 trident of distortion (13)]
  5192 | D:6      | Slain by an orc warrior

Skill      XL: |  1  2  3  4  5  6  7 |
---------------+----------------------+-----
Conjurations   | 2 3 4 |  4.5
Invocations    | 1 3 4 |  4.6
Spellcasting   | 3 4 |  4.7
Air Magic      | 4 5 |  5.6
Summonings     | 1 |  1.3
Dodging        | |  1.7
Stealth        | |  1.7

Action                   |  1- 3 |  4- 6 |  7- 9 || total
-------------------------+-------+-------+-------++-------
Melee: Mace              |    73 |   105 |    43 ||   221
       Tailslap          |     8 |    10 |     1 ||    19
       Spear             |       |       |    14 ||    14
       Staff             |       |       |     8 ||     8
Throw: Stone             |       |     1 |       ||     1
 Cast: Shock             |    17 |    61 |    61 ||   139
 Abil: Breathe Fire      |       |       |    10 ||    10
  Use: Scroll            |     1 |       |     7 ||     8
       Potion            |       |     2 |     1 ||     3
 Stab: Sleeping          |     2 |     4 |       ||     6
  Eat: Chunk             |     1 |     5 |     9 ||    15
Armor: Skin              |    21 |    53 |    31 ||   105
Dodge: Dodged            |    41 |    80 |    47 ||   168
